 Dungeon Crawl Stone Soup version 0.25-a0-364-ge76b031baf (webtiles) character file.

Game seed: 16077745614369025696, levelgen mode: deterministic

3449 night the Destroyer (level 10, -4/96 HPs)
             Began as a Naga Conjurer on Jan 4, 2020.
             Was a Believer of Vehumet.
             Slain by a steam dragon (8 damage)
             ... on level 8 of the Dungeon.
             The game lasted 00:24:36 (8636 turns).

night the Destroyer (Naga Conjurer)                 Turns: 8636, Time: 00:24:37

Health: -4/96      AC:  7    Str: 10    XL:     10   Next: 6%
Magic:  11/21      EV: 10    Int: 19    God:    Vehumet [**....]
Gold:   327        SH:  0    Dex: 12    Spells: 12/24 levels left

rFire    . . .     SeeInvis +   b - +0 short sword
rCold    . . .     Gourm    .   (no shield)
rNeg     . . .     Faith    .   u - +0 robe
rPois    +         Spirit   .   v - +2 hat
rElec    .         Reflect  .   q - +0 cloak
rCorr    .         Harm     .   (no gloves)
MR       +....                  (no barding)
Stlth    ++........             y - amulet of the acrobat
HPRegen  0.26/turn              t - ring of flight
MPRegen  0.17/turn              (no ring)

@: short of breath, very slightly contaminated, very slow
A: large, see invisible, deformed body, poison resistance, slowness 2, slow
metabolism 1, spit poison 1, AC +3
a: Spit Poison, Renounce Religion, Evoke Flight


You were on level 8 of the Dungeon.
You worshipped Vehumet.
Vehumet was pleased with you.
You were hungry.

You visited 1 branch of the dungeon, and saw 8 of its levels.

You collected 369 gold pieces.
You spent 42 gold pieces at shops.

Inventory:

Hand Weapons
 b - a +0 short sword (weapon)
Missiles
 C - 2 throwing nets
 J - 4 curare-tipped darts (quivered)
Armour
 q - a +0 cloak (worn)
 u - a +0 robe (worn)
 v - a +2 hat (worn)
 I - a scarf of spirit shield
Jewellery
 i - an uncursed amulet of regeneration
 t - a ring of flight (left hand)
 y - an amulet of the acrobat (around neck)
 F - an uncursed ring of protection from fire {unknown}
 H - an uncursed ring of stealth {unknown}
 K - an uncursed ring of positive energy {unknown}
Wands
 G - a wand of polymorph (7)
 N - a wand of paralysis (10)
Scrolls
 a - 2 scrolls of fear {unknown}
 e - 3 scrolls of magic mapping
 g - 3 scrolls of teleportation
 h - a scroll of fog {unknown}
 k - 6 scrolls of identify
 o - 3 scrolls of amnesia {unknown}
 r - 6 scrolls of remove curse
 w - a scroll of noise {unknown}
 x - 2 scrolls of random uselessness {unknown}
 B - a scroll of enchant armour {unknown}
 D - a scroll of vulnerability {unknown}
 L - a scroll of blinking {unknown}
Potions
 d - 3 potions of agility {unknown}
 f - 2 potions of heal wounds {unknown}
 j - 2 potions of mutation {unknown}
 l - a potion of invisibility {unknown}
 m - 10 potions of curing {unknown}
 n - a potion of brilliance {unknown}
 p - a potion of resistance {unknown}
 s - a potion of might {unknown}
 z - 2 potions of magic {unknown}
 A - a potion of degeneration {unknown}
 E - a potion of lignification {unknown}
Comestibles
 c - 25 rations


   Skills:
 + Level 8.0 Fighting
 - Level 1.5 Dodging
 - Level 3.0 Stealth
 + Level 7.6 Spellcasting
 + Level 9.1 Conjurations


You had 12 spell levels left.
You knew the following spells:

 Your Spells              Type           Power        Failure   Level  Hunger
a - Foxfire               Conj/Fire      ###.         1%          1    None
b - Searing Ray           Conj           #####.       1%          2    None
c - Iskenderun's Mystic   Conj/Tloc      ###.....     14%         4    ###....
d - Fulminant Prism       Conj/Hex       ###.......   14%         4    ###....
e - Magic Dart            Conj           ####         1%          1    None

Your spell library contained the following spells:

 Spells                   Type           Power        Failure   Level  Hunger
 Shock                    Conj/Air       ###.         1%          1    None
 Dazzling Flash           Conj/Hex       ###...       4%          3    #......


Dungeon Overview and Level Annotations

Branches:
Dungeon (8/15)             Temple (0/1) D:6
   Lair: D:8-11

Altars:
Ashenzari
Cheibriados
Nemelex Xobeh
Okawaru
Ru
Sif Muna
Vehumet
Xom
Yredelemnul
The Shining One

Shops:
D:5 ?


Innate Abilities, Weirdness & Mutations

You cannot wear boots.
Your serpentine skin is tough. (AC +3)
You have supernaturally acute eyesight. (SInv)
Armour fits poorly on your strangely shaped body.
Your system is resistant to poisons. (rPois)
You cover ground very slowly.
You have a slow metabolism.
You can spit poison.


Message History

You kill the crimson imp!
Vehumet accepts your kill.
Your Fighting skill increases to level 8! (Press . to maintain the ray.)
You are engulfed in a cloud of scalding steam.
* * * LOW HITPOINT WARNING * * *
The searing ray hits the steam dragon!
The steam dragon is heavily wounded.
You are engulfed in a cloud of scalding steam.
The steam dragon breathes steam at you. The ball of steam hits you!
* * * LOW HITPOINT WARNING * * *
The steam dragon bites you.
* * * LOW HITPOINT WARNING * * *
The steam dragon claws you but does no damage.
Press: ? - help, Shift-Dir - straight line, f - steam dragon
Aim: a steam dragon (heavily wounded, catching its breath)
The splash of poison misses the steam dragon.
You feel slightly more hungry. The steam dragon bites you!
You die...

##...##...# ###.#...##
#.##...# #.#...##
+#########'#...#
#.#.#.#.#.##..##
#.#.#.#.##...#
##§#)#.###...#
#§#@#.#.#...##
#D#)#§##...#
##.#?##...## ##.###...#
#.#.#...## ## ##...#
#...## #...#
###################..##


You could see a steam dragon.

Vanquished Creatures
  Psyche (D:8)
  Prince Ribbit (D:5)
  2 hungry ghosts (D:8)
  2 orc warriors (D:8)
  2 ice beasts
  2 black bears (D:6)
  A necrophage (D:3)
  2 centaurs
  6 ogres
  Blork the orc (D:5)
  3 bullfrogs
  A big kobold (D:8)
  A wyvern skeleton (D:8)
  4 wights (D:6)
  A howler monkey (D:6)
  4 crimson imps
  A bullfrog skeleton (D:4)
  A bullfrog zombie (D:5)
  A centaur zombie (D:8)
  2 jellies (D:7)
  2 orc priests
  A hound (D:5)
  3 orc wizards
  2 iguanas
  4 worker ants
  A hound zombie (D:7)
  A river rat (D:6)
  4 adders
  2 shadow imps
  An ooze (D:3)
  2 adder zombies
  An adder skeleton (D:5)
  2 worms (D:3)
  A dart slug (D:1)
  7 leopard geckos
  18 orcs
  3 giant cockroaches
  7 goblins
  3 hobgoblins
  10 jackals
  4 quokkas
  7 bats
  4 frilled lizards
  8 kobolds
  A leopard gecko zombie (D:5)
  A quokka skeleton (D:6)
  7 rats
146 creatures vanquished.

Vanquished Creatures (others)
  90 foxfires
  9 fulminant prisms
99 creatures vanquished.

Grand Total: 245 creatures vanquished

Notes
Turn   | Place    | Note
-------+----------+-------------------------------------------
     0 | D:1      | night the Naga Conjurer began the quest for the Orb.
     0 | D:1      | Reached XP level 1. HP: 15/15 MP: 3/3
   315 | D:1      | Reached XP level 2. HP: 24/24 MP: 1/5
   427 | D:1      | Reached skill level 1 in Fighting
   615 | D:1      | Learned a level 2 spell: Searing Ray
   844 | D:1      | Reached XP level 3. HP: 31/31 MP: 3/6
  2410 | D:3      | Found a shattered altar of Ashenzari.
  2424 | D:3      | Reached XP level 4. HP: 39/39 MP: 4/8
  2426 | D:3      | Found a radiant altar of Vehumet.
  2483 | D:3      | Found a shimmering altar of Xom.
  2485 | D:3      | Found a sacrificial altar of Ru.
  2485 | D:3      | Found a sparkling altar of Nemelex Xobeh.
  2487 | D:3      | Found a snail-covered altar of Cheibriados.
  2487 | D:3      | Found a shimmering blue altar of Sif Muna.
  2488 | D:3      | Found an iron altar of Okawaru.
  2492 | D:3      | Became a worshipper of Vehumet
  2564 | D:3      | Learned a level 4 spell: Iskenderun's Mystic Blast
  2741 | D:3      | Noticed a necrophage
  2749 | D:3      | Killed a necrophage
  2749 | D:3      | Reached XP level 5. HP: 46/46 MP: 3/9
  2886 | D:3      | Reached skill level 5 in Conjurations
  3185 | D:4      | Noticed an ogre
  3189 | D:4      | Killed an ogre
  3189 | D:4      | Reached XP level 6. HP: 28/56 MP: 7/11
  3278 | D:4      | Learned a level 4 spell: Fulminant Prism
  3968 | D:4      | Reached XP level 7. HP: 64/64 MP: 8/13
  4232 | D:5      | Entered Level 5 of the Dungeon
  4256 | D:5      | Reached skill level 6 in Conjurations
  4452 | D:5      | Noticed Blork the orc
  4468 | D:5      | Killed Blork the orc
  4557 | D:5      | Found Uhaqishuv's Magic Scroll Shop.
  4896 | D:5      | Bought a scroll of magic mapping for 42 gold pieces
  4915 | D:5      | Reached XP level 8. HP: 73/73 MP: 11/15
  5101 | D:5      | Reached skill level 5 in Spellcasting
  5213 | D:5      | Noticed Prince Ribbit
  5219 | D:5      | Killed Prince Ribbit
  5219 | D:5      | Reached skill level 5 in Fighting
  5283 | D:5      | Found a basalt altar of Yredelemnul.
  5540 | D:6      | Reached skill level 7 in Conjurations
  5973 | D:6      | Found a staircase to the Ecumenical Temple.
  5982 | D:6      | Reached * piety under Vehumet
  5982 | D:6      | Offered knowledge of Foxfire by Vehumet.
  5986 | D:6      | Learned a level 1 spell: Foxfire
  6341 | D:6      | Reached XP level 9. HP: 82/82 MP: 13/18
  6721 | D:7      | Found a glowing golden altar of the Shining One.
  6859 | D:7      | Reached skill level 8 in Conjurations
  7696 | D:8      | Noticed Psyche
  7708 | D:8      | Killed Psyche
  8158 | D:8      | Reached ** piety under Vehumet
  8158 | D:8      | Offered knowledge of Shock by Vehumet.
  8190 | D:8      | Reached skill level 9 in Conjurations
  8190 | D:8      | Reached XP level 10. HP: 76/96 MP: 3/21
  8635 | D:8      | HP: 4/96 [steam dragon (4)]
  8636 | D:8      | Slain by a steam dragon

Levels and vault maps discovered:
D:1:      lightli_arrival_maybe_door_vault, layout_basic
D:2:      layout_basic
D:3:      layout_rooms, grunt_temple_overflow_open
D:4:      layout_basic
D:5:      layout_basic, kennysheep_mini_moat, first_ration, serial_shops,
          nicolae_shop_waterfront, uniq_prince_ribbit1, uniq_blork_the_orc
D:6:      layout_gridville, minmay_temple_entry_hall, gup_sewer_entry_bubbles
D:7:      layout_gridville, lemuel_round_altar, hangedman_decor_lopped,
          grunt_ogre_cave
D:8:      minmay_the_grid_triangle_9x9_rhombus_full
          [minmay_the_grid_triangle_9x9_checkered,
          minmay_the_grid_triangle_9x9_steps,
          minmay_the_grid_triangle_9x9_odd_lines,
          minmay_the_grid_triangle_9x9_limited_checkers,
          minmay_the_grid_triangle_9x9_subtriangle,
          minmay_the_grid_triangle_9x9_empty,
          minmay_the_grid_triangle_9x9_semitri,
          minmay_the_grid_triangle_9x9_prize_insulated], layout_basic,
          uniq_psyche

Skill      XL: |  1  2  3  4  5  6  7  8  9 10 |
---------------+-------------------------------+-----
Fighting       | 1 2 3 4 6 7 8 |  8.0
Spellcasting   | 3 4 6 7 |  7.6
Conjurations   | 5 6 7 9 |  9.1
Dodging        | |  1.5
Stealth        | |  3.0

Action                   |  1- 3 |  4- 6 |  7- 9 | 10-12 || total
-------------------------+-------+-------+-------+-------++-------
Melee: Short sword       |    34 |    10 |    78 |    14 ||   136
 Cast: Magic Dart        |    52 |    58 |    16 |       ||   126
       Searing Ray       |     4 |    10 |    37 |     1 ||    52
       Iskenderun's Myst |       |       |    15 |     1 ||    16
       Fulminant Prism   |       |       |     9 |       ||     9
       Foxfire           |       |       |    43 |     8 ||    51
 Abil: Spit Poison       |       |     4 |     5 |     1 ||    10
  Use: Scroll            |       |       |     3 |       ||     3
 Stab: Sleeping          |     2 |       |     2 |     3 ||     7
  Eat: Chunk             |     4 |     5 |    10 |     1 ||    20
       Ration            |       |       |     2 |       ||     2
Armor: Robe              |     4 |     4 |    46 |    12 ||    66
Dodge: Dodged            |    20 |    14 |    87 |    17 ||   138

Table legend:
 A = Non-vault XP
 B = Vault XP
 C = Vault XP percentage of total XP
 D = Non-vault monster count
 E = Vault monster count
 F = Vault count percentage of total count
                 A         B        C        D         E       F
            +---------+---------+-------+---------+---------+-------
      Total |    3918 |    1010 |  20.5 |     135 |      11 |   7.5
            +---------+---------+-------+---------+---------+-------
        D:1 |      46 |       0 |   0.0 |      25 |       0 |   0.0
        D:2 |      31 |       0 |   0.0 |      11 |       0 |   0.0
        D:3 |     157 |       0 |   0.0 |      13 |       0 |   0.0
        D:4 |     487 |       0 |   0.0 |      17 |       0 |   0.0
        D:5 |     509 |     368 |  42.0 |      12 |       2 |  14.3
        D:6 |    1014 |      22 |   2.1 |      17 |       6 |  26.1
        D:7 |     342 |     125 |  26.8 |      15 |       1 |   6.2
        D:8 |    1332 |     495 |  27.1 |      25 |       2 |   7.4
            +---------+---------+-------+---------+---------+-------
